 Dungeon Crawl Stone Soup version 0.27.1-34-g3ba077fa99 (webtiles) character file.

Game seed: 7169418918036075248

6844 pkoi the Grappler (level 10, -5/81 HPs)
             Began as a Red Draconian Monk on Jan 15, 2022.
             Was a Priest of Hepliaklqana.
             Slain by a gnoll sergeant (16 damage)
             ... in a bailey on Jan 16, 2022.
             The game lasted 00:18:37 (10929 turns).

pkoi the Grappler (Red Draconian Monk)             Turns: 10929, Time: 00:18:37

Health: -5/81      AC: 10    Str: 15    XL:     10   Next: 78%
Magic:  10/10      EV: 18    Int: 13    God:    Hepliaklqana [***...]
Gold:   355        SH:  0    Dex: 13    Spells: 9/9 levels left

rFire    + + .     SeeInvis .     - Unarmed
rCold    + . .     Faith    .   (no shield)
rNeg     + . .     Spirit   .   (armour unavailable)
rPois    .         Reflect  .   (helmet restricted)
rElec    .         Harm     .   r - +0 cloak
rCorr    .         Rampage  .   o - +1 pair of gloves
Will     .....                  (no boots)
Stlth    ++........             n - amulet of regeneration
HPRegen  1.23/turn              a - ring of Agnosticism {rF+ rN+ EV+4}
MPRegen  0.12/turn              x - ring of protection from cold

@: short of breath
A: reduced essence, breathe fire, AC +7, unfitting armour, fire resistance 1,
cold-blooded, fangs 1, horns 1
a: Breathe Fire, Renounce Religion, Recall Ancestor, Ancestor Identity,
Transference


You were in a bailey.
You worshipped Hepliaklqana.
Hepliaklqana was most pleased with you.
You visited 2 branches of the dungeon, and saw 11 of its levels.
You also visited: Bailey.

You collected 547 gold pieces.
You spent 192 gold pieces at shops.

Inventory:

Hand Weapons
 b - a +3 mace
 i - a +0 dagger
Missiles
 e - 49 poisoned darts (quivered)
 y - a throwing net
Armour
 o - a +1 pair of gloves (worn)
 r - a +0 cloak (worn)
Jewellery
 a - the ring of Agnosticism (left hand) {rF+ rN+ EV+4}
   (You acquired it on level 3 of the Dungeon)

   [ring of evasion]

   EV:        It affects your evasion (+4).
   rF:        It protects you from fire.
   rN:        It protects you from negative energy.
 n - an amulet of regeneration (around neck)
 w - a ring of ice
 x - a ring of protection from cold (right hand)
Wands
 h - a wand of iceblast (20)
 m - a wand of mindburst (11)
 u - a wand of flame (22)
Scrolls
 c - 2 scrolls of enchant armour
 g - 8 scrolls of identify
 j - 3 scrolls of magic mapping
 l - a scroll of fear
 q - a scroll of summoning
 s - a scroll of amnesia
 v - 7 scrolls of teleportation
Potions
 d - a potion of curing
 f - 2 potions of lignification
 k - a potion of cancellation
 p - a potion of ambrosia
 t - 2 potions of flight
 z - a potion of brilliance


   Skills:
 - Level 9.0 Fighting
 - Level 6.0 Dodging
 - Level 1.7 Stealth
 + Level 13.4 Unarmed Combat


You had 9 spell levels left.
You didn't know any spells.
Your spell library contained the following spells:

 Spells                   Type           Power      Damage    Failure   Level
 Shock                    Conj/Air       0%         1d3       30%         1
 Corpse Rot               Necr/Air       N/A        N/A       43%         2
 Mephitic Cloud           Conj/Pois/Air  0%         N/A       67%         3
 Summon Lightning Spire   Summ/Air       0%         N/A       97%         4
 Malign Gateway           Summ/Tloc      0%         N/A       100%        7
 Summon Horrible Things   Summ           0%         N/A       100%        8
 Chain Lightning          Conj/Air       0%         N/A       100%        9


Dungeon Overview and Level Annotations

Branches:
Dungeon (10/15)            Temple (1/1) D:7            Lair (0/6) D:9
 Bailey (1/1)
    Orc: D:9-12

Altars:
Ashenzari
Cheibriados
Dithmenos
Elyvilon
Fedhas
Gozag
Hepliaklqana
Kikubaaqudgha
Makhleb
Nemelex Xobeh
Okawaru
Qazlal
Ru
Sif Muna
Trog
Uskayaw
Vehumet
Wu Jian
Xom
Yredelemnul
Zin
The Shining One

Shops:
D:4 ?

Annotations:
D:8 2 transporters


Innate Abilities, Weirdness & Mutations

Your life essence is reduced to manifest your ancestor. (-10% HP)
You can breathe blasts of fire.
Your fiery red scales are hard. (AC +7)
You cannot fit into any form of body armour.
Your flesh is heat resistant. (rF+)
You are cold-blooded and may be slowed by cold attacks.
You have very sharp teeth.
You have a pair of small horns on your head.


Message History

Something hits Kendra!!
Kendra hits the gnoll sergeant but does no damage.
The gnoll sergeant closely misses Kendra.
Something hits Kendra!
You swap places.
The gnoll shaman misses you.
Kendra blocks the gnoll sergeant's attack.
There is an open door, spattered with blood here.
Things that are here:
a +0 trident; a +0 chain mail; a gnoll corpse You hit the gnoll sergeant.
You headbutt the gnoll sergeant, but do no damage.
The gnoll sergeant is severely wounded.
The gnoll sergeant completely misses you.
The gnoll shaman hits you from afar with a +0 trident.
The gnoll sergeant hits you with a +0 glaive!
You hit the gnoll sergeant.
You tail-slap the gnoll sergeant, but do no damage.
The gnoll sergeant is almost dead.
The gnoll sergeant completely misses you.
The gnoll shaman completely misses you.
The gnoll sergeant hits you with a +0 glaive.
* * * LOW HITPOINT WARNING * * *
You punch the gnoll sergeant!
You kill the gnoll sergeant!
The gnoll sergeant hits you with a +0 halberd!
* * * LOW HITPOINT WARNING * * *
The gnoll sergeant hits you with a +0 halberd!
* * * LOW HITPOINT WARNING * * *
Unknown command.
Press: ? - help, Shift-Dir - straight line, f - gnoll sergeant
Aim: a gnoll sergeant, wielding a +0 halberd and wearing a +0 plate armour (fast, ally target)
You breathe a blast of fire.
The fiery breath hits the gnoll sergeant.
The gnoll sergeant is lightly wounded.
The gnoll shaman completely misses you.
The gnoll sergeant is engulfed in blazing flames.
The gnoll sergeant hits you with a +0 halberd!
* * * LOW HITPOINT WARNING * * *
The gnoll sergeant hits you from afar with a +0 halberd!
You die...

.### ##...≈♣ .# ##..≈♣
.# #..≈♣ .# #####
#..≈♣ .# ##...## #..≈♣
.######.....###+##..≈♣
.'...#.......#......≈♣
)'...'...8...(......≈♣
.'...#.......#.R@...≈♣
.######.....###)##..≈♣
.# + ##...##gg))#..≈♣
.# #g..#####.....#..≈♣
.# #.g.gg'.....).#..≈♣
.# #.g.g.#......##..≈♣
.###.8.. #...8.##...≈♣
...#### #######...≈≈♣
≈≈≈≈≈≈≈≈ ≈≈≈≈≈≈≈≈≈≈≈♣♣


You could see the friendly Kendra the knight, a gnoll sergeant (fast, ally
target) and a gnoll shaman.

Vanquished Creatures
  Harold (D:7)
  A two-headed ogre (D:6)
  A cyclops (D:7)
  Maurice (D:8)
  Maggie (D:8)
  A hornet (D:8)
  Sigmund (D:6)
  3 yaks (D:9)
  Eustachio (D:6)
  Menkaure (D:6)
  A steam dragon (D:8)
  2 water moccasins
  A sky beast (D:7)
  A hornet zombie (D:6)
  An ice beast (D:7)
  5 necrophages
  An orc warrior (D:7)
  A centaur (D:4)
  A phantom (D:3)
  A bullfrog (D:9)
  4 gnoll sergeants (Bailey)
  2 scorpions
  A wyvern skeleton (D:6)
  3 wights (D:8)
  A bullfrog zombie (D:6)
  3 hounds
  2 jellies (D:6)
  An orc priest (D:3)
  2 gnoll shamans (Bailey)
  2 iguanas
  6 orc wizards
  A hound skeleton (D:4)
  2 howler monkey zombies
  23 gnolls
  4 adders
  A shadow imp (D:6)
  An ufetubus (D:5)
  An adder skeleton (D:4)
  4 worms
  3 dart slugs
  20 orcs
  7 bats
  7 endoplasms
  3 giant cockroaches
  4 hobgoblins
  12 jackals
  3 quokkas (D:2)
  7 ball pythons
  5 frilled lizards
  5 goblins
  8 kobolds
  6 rats
181 creatures vanquished.

Vanquished Creatures (collateral kills)
  2 yaks (D:9)
  A wyvern (D:8)
  2 orc warriors (D:9)
  A centaur (D:9)
  A gnoll shaman (Bailey)
  3 gnolls (Bailey)
  2 orcs (D:9)
12 creatures vanquished.

Vanquished Creatures (others)
  A knight (D:9)
  11 demonic plants (D:2)
  14 fungi (D:2)
  8 plants (D:2)
  A withered plant (D:2)
35 creatures vanquished.

Grand Total: 228 creatures vanquished

Notes
Turn   | Place    | Note
-------+----------+-------------------------------------------
     0 | D:1      | pkoi the Draconian Monk began the quest for the Orb.
     0 | D:1      | Reached XP level 1. HP: 19/19 MP: 1/1
   374 | D:1      | Reached XP level 2. HP: 26/26 MP: 2/2
  1385 | D:2      | Reached XP level 3. HP: 33/33 MP: 3/3
  1964 | D:2      | Reached skill level 4 in Unarmed Combat
  2318 | D:2      | Found a faded altar of an unknown god.
  2354 | D:2      | Reached XP level 4. HP: 36/40 MP: 4/4
  3128 | D:3      | Identified a scroll of acquirement
  3128 | D:3      | Acquired the ring of Agnosticism {rF+ rN+ EV+4}
  3416 | D:3      | Reached skill level 5 in Unarmed Combat
  3465 | D:3      | Reached XP level 5. HP: 34/46 MP: 5/5
  4278 | D:3      | Reached skill level 6 in Unarmed Combat
  4311 | D:3      | Found a glowing silver altar of Zin.
  4313 | D:3      | Found a shimmering altar of Xom.
  4313 | D:3      | Found an opulent altar of Gozag.
  4315 | D:3      | Found a sacrificial altar of Ru.
  4315 | D:3      | Found a shimmering blue altar of Sif Muna.
  4315 | D:3      | Found a glowing golden altar of the Shining One.
  4440 | D:4      | Noticed a phantom
  4455 | D:4      | Reached XP level 6. HP: 39/52 MP: 6/6
  4882 | D:4      | Reached skill level 7 in Unarmed Combat
  4945 | D:4      | Found a burning altar of Makhleb.
  5272 | D:4      | Found Naunept's Magic Scroll Shop.
  5434 | D:4      | Gained mutation: You have very sharp teeth. [potion of
                  | mutation]
  5434 | D:4      | Gained mutation: You have a pair of small horns on your
                  | head. [potion of mutation]
  5531 | D:4      | Found a blossoming altar of Fedhas.
  5599 | D:4      | Your scales start taking on a fiery red colour.
  5599 | D:4      | Reached XP level 7. HP: 54/59 MP: 7/7
  5599 | D:4      | Gained mutation: Your flesh is heat resistant. (rF+) [Red
                  | Draconian growth]
  5620 | D:4      | Bought a scroll of teleportation for 36 gold pieces
  5620 | D:4      | Bought a scroll of magic mapping for 42 gold pieces
  5724 | D:5      | Entered Level 5 of the Dungeon
  5810 | D:5      | Found a basalt altar of Yredelemnul.
  5951 | D:4      | Reached skill level 8 in Unarmed Combat
  6015 | D:4      | Bought a scroll of summoning for 114 gold pieces
  6234 | D:5      | Found a glowing golden altar of the Shining One.
  6367 | D:6      | Reached skill level 9 in Unarmed Combat
  6368 | D:6      | Identified the +7 flail of Icajot {protect, rElec Will-
                  | Int+9 Dex+2}
  6435 | D:6      | Reached XP level 8. HP: 48/66 MP: 8/8
  6645 | D:6      | Found an iron altar of Okawaru.
  6645 | D:6      | Noticed Eustachio
  6650 | D:6      | Killed Eustachio
  6692 | D:6      | Noticed a two-headed ogre
  6698 | D:6      | Killed a two-headed ogre
  6699 | D:6      | Reached skill level 5 in Fighting
  6699 | D:6      | Reached skill level 10 in Unarmed Combat
  6944 | D:6      | Reached XP level 9. HP: 75/75 MP: 9/9
  7000 | D:6      | Found a hide-covered altar of Uskayaw.
  7040 | D:6      | Noticed Sigmund
  7046 | D:6      | Killed Sigmund
  7078 | D:6      | Found an ornate altar of the Wu Jian Council.
  7106 | D:6      | Noticed Menkaure
  7110 | D:6      | Killed Menkaure
  7111 | D:6      | Reached skill level 5 in Dodging
  7528 | D:6      | Got the Grimoire of Glory
  7604 | D:7      | Noticed Harold
  7616 | D:7      | Killed Harold
  7617 | D:7      | Reached skill level 11 in Unarmed Combat
  7684 | D:7      | Noticed a cyclops
  8071 | D:7      | Killed a cyclops
  8110 | D:7      | Found a staircase to the Ecumenical Temple.
  8116 | Temple   | Entered the Ecumenical Temple
  8337 | Temple   | Became a worshipper of Hepliaklqana the Forgotten
  8337 | Temple   | Reached * piety under Hepliaklqana
  8337 | Temple   | Reached ** piety under Hepliaklqana
  8338 | Temple   | Remembered your ancestor Kendra as a knight
  8439 | D:7      | Reached XP level 10. HP: 77/79 MP: 10/10
  8709 | D:8      | Found a shadowy altar of Dithmenos.
  8766 | D:8      | Noticed an eight-headed hydra
  8777 | D:8      | Noticed a black mamba
  8784 | D:8      | Found a radiant altar of Vehumet.
  8814 | D:8      | Noticed Maurice
  8822 | D:8      | Killed Maurice
  9062 | D:8      | Paralysed by a hornet for 1 turns
  9096 | D:8      | Found a transporter.
  9104 | D:8      | Found a transporter.
  9159 | D:8      | Noticed Maggie
  9165 | D:8      | Killed Maggie
  9166 | D:8      | Reached skill level 12 in Unarmed Combat
  9531 | D:8      | Noticed a cane toad
  9532 | D:8      | a cane toad changed into a basilisk
  9648 | D:9      | Reached *** piety under Hepliaklqana
  9978 | D:9      | Reached skill level 13 in Unarmed Combat
 10005 | D:9      | Noticed a death yak
 10007 | D:9      | Noticed a death yak
 10008 | D:9      | Noticed a death yak
 10039 | D:9      | Noticed a death yak
 10072 | D:9      | Found a snail-covered altar of Cheibriados.
 10088 | D:9      | Found a staircase to the Lair.
 10339 | D:9      | Noticed a death yak
 10339 | D:9      | Noticed a death yak
 10476 | D:10     | Entered Level 10 of the Dungeon
 10540 | D:10     | Found a flagged portal.
 10549 | Bailey   | Entered a bailey
 10929 | Bailey   | Slain by a gnoll sergeant

Illustrated notes

Levels and vault maps discovered:
D:1:      dpeg_arrival_round_a, layout_basic, minmay_bisected
D:2:      layout_loops_corners, shapermc_ecumenical_altar_gd
D:3:      layout_basic, doesnt_xom_only_xom, chequers_serial_rivers_room_b
D:4:      layout_loops_ring, mainiacjoe_overflow_small_starburst,
          lemuel_round_altar, kennysheep_windowed_goal
D:5:      cheibrodos_quashed, layout_cave_pools, tso_altar,
          general_overflow_altar
D:6:      layout_basic, mainiacjoe_overflow_surrounded_room,
          overflow_temple_1_default, lemuel_coloured_pillars_altar,
          minmay_circle_x, uniq_sigmund, uniq_menkaure, uniq_eustachio
D:7:      layout_basic, temple_statues, uniq_harold
D:8:      layout_loops_ring, gammafunk_temple_overflow_arena,
          nicolae_dithmenos_shadow_blocks, minivault_24,
          corexii_leaking_fountain, uniq_maggie, uniq_maurice
D:9:      layout_loops_corners, cheibriados_altar_1, dpeg_lair_monsters
D:10:     layout_long_grid, enter_bailey_2, muffindrake_ghost_dual_entry,
          minmay_fractal_squares_5, uniq_sonja
Temple:   minmay_temple_curvy_loop
Bailey:   bailey_polearm_gnolls_kennysheep, bailey

Skill      XL: |  1  2  3  4  5  6  7  8  9 10 |
---------------+-------------------------------+-----
Dodging        | 3 4 6 |  6.0
Fighting       | 4 5 8 9 |  9.0
Unarmed Combat | 4 5 6 7 9 10 11 13 | 13.4
Stealth        | |  1.7

Action                   |  1- 3 |  4- 6 |  7- 9 | 10-12 || total
-------------------------+-------+-------+-------+-------++-------
Melee: Unarmed           |   140 |   263 |   143 |   111 ||   657
       Tailslap          |    18 |    29 |    25 |    16 ||    88
       Punch             |       |     7 |     7 |    10 ||    24
       Headbutt          |       |     1 |    25 |    30 ||    56
       Bite              |       |       |    16 |    12 ||    28
Throw: Dart              |    27 |       |     1 |       ||    28
Invok: Ancestor Life: Kn |       |       |     1 |       ||     1
       Ancestor Identity |       |       |     1 |       ||     1
 Abil: Breathe Fire      |       |       |    11 |     7 ||    18
  Use: Scroll            |       |     8 |     3 |     3 ||    14
       Potion            |       |     6 |     3 |       ||     9
 Stab: Sleeping          |     3 |     2 |     2 |     1 ||     8
       Distracted        |       |     2 |       |     2 ||     4
Armor: Skin              |    35 |    53 |    22 |    26 ||   136
Dodge: Dodged            |    98 |   165 |    79 |   127 ||   469
